[Event "ICC tourney 2133 (75 10)"]
[Site "Internet Chess Club"]
[Date "2020.11.15"]
[Round "6"]
[White "TjkTiger"]
[Black "jy2020"]
[Result "1/2-1/2"]
[ICCResult "Game drawn by repetition"]
[WhiteElo "2592"]
[BlackElo "2231"]
[Opening "English: Mikenas-Carls variation"]
[ECO "A18"]
[NIC "EO.57"]
[Time "17:02:22"]
[TimeControl "4500+10"]

1. c4 Nf6 2. Nc3 e6 3. e4 d5 4. cxd5 exd5 5. e5 Ne4 6. d4 Bb4 7. Qa4+ Nc6 8.
Bb5 O-O 9. Ne2 Nxd4 10. Nxd4 c5 11. Ne2 d4 12. O-O dxc3 13. a3 Nd2 14. axb4
Nxf1 15. bxc3 Nd2 16. Qc2 Ne4 17. f3 Ng5 18. bxc5 Ne6 19. Ba3 Qc7 20. Qe4
Rd8 21. Bd3 g6 22. Qe3 b6 23. c6 Rxd3 24. Qxd3 Qxc6 25. Ng3 Ng7 26. Qd8+ Qe8
27. Qc7 Ne6 28. Qc4 Bb7 29. Bd6 Qc8 30. Qxc8+ Bxc8 31. Ne4 Bb7 32. Nf6+ Kg7
33. c4 h5 34. Kf2 a5 35. Nd7 Ra6 36. Rb1 a4 37. Ba3 Nd4 38. Bb2 Ne6 39. Ba3
Nd4 40. Bb2 Ne6 41. Ba1 a3 42. c5 a2 43. Rxb6 Rxb6 44. cxb6 Kh6 45. Ke3 Kg5
46. g3 h4 47. g4 h3 48. Bb2 Bc6 49. Kf2 Kh4 50. Nb8 Bb7 51. Nd7 Bc6 52. Nb8
Bb7 53. Nd7 Bc6 {Game drawn by repetition} 1/2-1/2

[Event "ICC tourney 2133 (75 10)"]
[Site "Internet Chess Club"]
[Date "2020.11.15"]
[Round "6"]
[White "helavir"]
[Black "Openyagami"]
[Result "1/2-1/2"]
[ICCResult "Game drawn by mutual agreement"]
[WhiteElo "2631"]
[BlackElo "2595"]
[Opening "Sicilian: Labourdonnais-Löwenthal (Kalashnikov) variation"]
[ECO "B32"]
[NIC "SI.32"]
[Time "17:02:06"]
[TimeControl "4500+10"]

1. e4 c5 2. Nf3 Nc6 3. d4 cxd4 4. Nxd4 e5 5. Nb5 d6 6. c4 g6 7. N1c3 a6 8.
Na3 Be6 9. Be3 Bh6 10. Bxh6 Nxh6 11. Qd2 Ng4 12. Be2 Nd4 13. Bxg4 Bxg4 14.
Nc2 Nxc2+ 15. Qxc2 Rc8 16. Qd3 Be6 17. b3 b5 18. cxb5 Qa5 19. Rc1 axb5 20.
O-O b4 21. Nd5 Rxc1 22. Rxc1 O-O 23. Ne7+ Kg7 24. Rc2 Qb6 25. Nc6 d5 26.
Nxe5 dxe4 27. Qxe4 Bf5 28. Rc6 Rd8 29. Qe1 Qa5 30. g4 Re8 31. gxf5 Rxe5 32.
Qa1 f6 33. Qc1 gxf5 34. Rc7+ Kg6 35. Qc4 Qd5 36. Qxd5 Rxd5
{Game drawn by mutual agreement}
1/2-1/2

[Event "ICC tourney 2133 (75 10)"]
[Site "Internet Chess Club"]
[Date "2020.11.15"]
[Round "6"]
[White "Aleksandrov73"]
[Black "Visam"]
[Result "1/2-1/2"]
[ICCResult "Game drawn by repetition"]
[WhiteElo "2633"]
[BlackElo "2611"]
[Opening "English opening"]
[ECO "A05"]
[NIC "QP.11"]
[Time "17:02:22"]
[TimeControl "4500+10"]

1. Nf3 Nf6 2. c4 g6 3. b4 Bg7 4. Bb2 O-O 5. e3 d6 6. Be2 e5 7. O-O e4 8. Ne1
Nc6 9. b5 Ne5 10. f3 Be6 11. Na3 a6 12. bxa6 bxa6 13. Rb1 Rb8 14. Bc3 Qe7
15. Rxb8 Rxb8 16. Qa1 exf3 17. gxf3 Bh3 18. Ng2 Ne8 19. Nc2 Qg5 20. Ne1 Qf5
21. Qc1 Nf6 22. Qc2 Qd7 23. Nd3 Qf5 24. Nde1 Qc8 25. Nd3 Qe8 26. Nf2 Bf5 27.
e4 Bd7 28. d4 Nc6 29. f4 Nxe4 30. Qxe4 Nxd4 31. Qxe8+ Rxe8 32. Bxd4 Bxd4 33.
Bd3 Bc6 34. Re1 Rb8 35. Rb1 Re8 36. Re1 Rb8 37. Rb1 Re8 38. Re1
{Game drawn by repetition}
1/2-1/2

[Event "ICC tourney 2133 (75 10)"]
[Site "Internet Chess Club"]
[Date "2020.11.15"]
[Round "6"]
[White "RagingKnightNC"]
[Black "hollyelf"]
[Result "0-1"]
[ICCResult "White checkmated"]
[WhiteElo "2124"]
[BlackElo "2085"]
[Opening "English: four knights, kingside fianchetto"]
[ECO "A29"]
[NIC "EO.03"]
[Time "17:01:29"]
[TimeControl "4500+10"]

1. c4 Nf6 2. Nc3 e5 3. Nf3 Nc6 4. g3 d5 5. cxd5 Nxd5 6. Bg2 Nb6 7. O-O Be7
8. d4 exd4 9. Nb5 Bf6 10. Bf4 Nd5 11. e4 Nxf4 12. gxf4 a6 13. e5 axb5 14.
exf6 Qxf6 15. Re1+ Be6 16. f5 Qxf5 17. Nxd4 Nxd4 18. Qxd4 O-O 19. Bxb7 Ra4
20. b4 Qg5+ 21. Kh1 Rd8 22. Qe4 Qg6 23. Qxg6 hxg6 24. a3 Rd2 25. Kg2 Rc2 26.
Bf3 Rc3 27. Re3 Rxe3 28. fxe3 Kf8 29. Kf2 Ke7 30. Rc1 Bc4 31. Rc3 Kd6 32.
Be2 Bxe2 33. Kxe2 c6 34. Kd3 Ra8 35. Kd4 Rh8 36. Rc2 Rh4+ 37. Kd3 g5 38. Rf2
f6 39. Rc2 g6 40. Rf2 f5 41. Re2 Kd5 42. Rc2 Rh3 43. Rc5+ Kd6 44. Rc2 f4 45.
Re2 Kd5 46. Kc2 Rxe3 47. Rxe3 fxe3 48. Kd3 e2 49. Kxe2 Ke4 50. Kf2 Kf4 51.
Kg2 Kg4 52. Kf2 Kf4 53. Kg2 g4 54. Kf2 Kf5 55. Kg2 Kf4 56. Kf2 g3+ 57. hxg3+
Ke4 58. Ke2 Kd4 59. Kf3 Kc3 60. Kf4 Kb3 61. Kg5 Kxa3 62. Kxg6 Kxb4 63. g4 c5
64. g5 c4 65. Kf6 c3 66. g6 c2 67. g7 c1=Q 68. g8=Q Qf4+ 69. Ke7 Qe5+ 70.
Kd7 Qd4+ 71. Ke7 Qe4+ 72. Kf6 Qc6+ 73. Ke7 Qc7+ 74. Kf6 Qd6+ 75. Kf5 Qc5+
76. Kf6 Qc4 77. Qg1 Qf4+ 78. Ke6 Kc4 79. Qa1 Qe4+ 80. Kf7 b4 81. Kf8 Qf4+
82. Ke8 Qe3+ 83. Kf7 Qf3+ 84. Kg6 Qd3+ 85. Kh5 b3 86. Qa6+ Kc3 87. Qa5+ Kc2
88. Qc5+ Kd2 89. Qg5+ Qe3 90. Qd5+ Kc2 91. Qc6+ Kd2 92. Qd6+ Qd3 93. Qb4+
Kc2 94. Qc5+ Kb2 95. Qf2+ Kc3 96. Qc5+ Qc4 97. Qa5+ Kd4 98. Qd2+ Kc5 99.
Qe3+ Kb5 100. Qe8+ Qc6 101. Qb8+ Ka4 102. Qf4+ Ka3 103. Qf8+ Ka2 104. Qf7
Qh1+ 105. Kg5 Qc1+ 106. Kh5 Qc5+ 107. Kh4 Ka3 108. Qf3 Qe7+ 109. Kh5 Qh7+
110. Kg5 Qg7+ 111. Kh5 Qe5+ 112. Kh4 Qh8+ 113. Kg5 Qg8+ 114. Kh5 Qe8+ 115.
Kg5 Qd8+ 116. Kh5 Qa5+ 117. Kh4 Qe1+ 118. Kh5 Kb2 119. Qf6+ Qc3 120. Qf2+
Qc2 121. Qd4+ Kc1 122. Qe3+ Kb1 123. Qe1+ Qc1 124. Qe4+ Ka2 125. Qa4+ Qa3
126. Qc4 Qa5+ 127. Kg4 Ka3 128. Qd3 Qb4+ 129. Kh5 Ka4 130. Qd1 Ka5 131. Qa1+
Kb5 132. Qf1+ Qc4 133. Qb1 Qe2+ 134. Kh4 b2 135. Qf5+ Kb4 136. Qf8+ Kb3 137.
Qb8+ Kc3 138. Qg3+ Kc2 139. Qg6+ Qd3 140. Qc6+ Qc3 141. Qa4+ Kd3 142. Qd1+
Kc4 143. Qb1 Kb4 144. Kh5 Ka3 145. Kh4 Qd4+ 146. Kh5 Kb3 147. Kg5 Qd2+ 148.
Kh5 Qc2 149. Qf1 b1=Q 150. Qb5+ Kc3 151. Qc5+ Kd2 152. Qa5+ Kc1 153. Qa3+
Qbb2 154. Qe3+ Qd2 155. Qc5+ Kd1 156. Qg1+ Qe1 157. Qa7 Qee5+ 158. Kg6 Qf6+
159. Kh7 Qh8+ 160. Kg6 Qbf6# {White checkmated} 0-1